 Dungeon Crawl Stone Soup version 0.19-a0-1553-g64c24c3 (webtiles) character file.

14119 dorian the Carver (level 11, -1/111 (112) HPs)
             Began as a Demonspawn Abyssal Knight on Sept 14, 2016.
             Was a Priest of Lugonu.
             Killed from afar by Maurice (12 damage)
             ... with a wand of acid
             ... on level 13 of the Dungeon.
             The game lasted 00:37:52 (14962 turns).

dorian the Carver (Demonspawn Abyssal Knight)      Turns: 14962, Time: 00:37:53

HP:   -1/111 (112)  AC: 18    Str: 18 (19) XL:     11   Next: 84%
MP:   0/20          EV:  2    Int:  9      God:    Lugonu [***...]
Gold: 840           SH:  0    Dex: 14      Spells: 0 memorised, 10 levels left

rFire  . . .     SeeInvis +     G - +2 falchion (freeze)
rCold  . . .     Gourm    .     (armour currently unavailable)
rNeg   + + +     Faith    .     (no shield)
rPois  +         Spirit   +     (helmet currently unavailable)
rElec  .         Dismiss  +     (cloak currently unavailable)
rCorr  .         Reflect  .     (gloves currently unavailable)
MR     .....     Harm     .     (boots currently unavailable)
Stlth  +......... NoTele   +    e - amulet of dismissal
                                D - ring of see invisible
                                v - +5 ring of protection

@: tree-form, corroded
A: (claws 0), (talons 0), (slimy green scales 0), agile 1, deterioration 1,
dopey 2, high mp 1, (poison resistance), powered by death 1, strong 1, magic
shield, magic regeneration
a: Depart the Abyss, Bend Space, Banish, Renounce Religion


You were on level 13 of the Dungeon.
You worshipped Lugonu.
Lugonu was most pleased with you.
You were hungry.
You were a tree.
You visited 1 branch of the dungeon, and saw 13 of its levels.
You visited the Abyss 1 time.

You collected 840 gold pieces.

Inventory:

Hand Weapons
 a - a +2 falchion
 G - a +2 falchion of freezing (weapon)
Missiles
 B - 13 tomahawks (quivered)
 C - 2 tomahawks of dispersal
Armour
 f - a +0 cloak (melded)
 g - a +1 helmet (melded)
 k - a +0 pair of gloves (melded)
 w - a cursed +0 scale mail
 I - a +0 leather armour
 Q - a +0 mottled dragon armour (melded)
Jewellery
 b - an uncursed ring of teleportation
 e - an amulet of dismissal (around neck)
 v - a +5 ring of protection (left branch)
 D - a ring of see invisible (right branch)
 J - a +6 ring of strength
 N - an uncursed ring of magical power
 T - a cursed -3 ring of strength
Wands
 i - a wand of lightning (0/15)
 u - a wand of flame (10/48)
 x - a wand of random effects (18/48)
 K - a wand of random effects (9/48)
 W - a wand of lightning (4/15)
Scrolls
 d - a scroll of enchant armour
 h - 5 scrolls of noise
 l - 4 scrolls of amnesia
 m - 3 scrolls of immolation
 o - a scroll of fog
 r - 5 scrolls of teleportation
 y - 2 scrolls of remove curse
 L - a scroll of magic mapping
 M - 2 scrolls of enchant weapon
 U - 4 scrolls of identify
Potions
 j - 2 potions of degeneration {unknown}
 s - 4 potions of curing {unknown}
 t - 2 potions of cancellation {unknown}
 z - a potion of beneficial mutation {unknown}
 A - 2 potions of magic
 E - a potion of flight {unknown}
 F - a potion of berserk rage {unknown}
 H - a potion of resistance {unknown}
 P - a potion of haste
 R - 3 potions of agility
 S - a potion of brilliance
 V - 3 potions of mutation {unknown}
 Y - a potion of heal wounds {unknown}
Books
 p - Kikubaaqudgha's Papyrus of Unholy Rituals
   (You found it on level 3 of the Dungeon)

   Spells                             Type                      Level
   a - Pain                           Necromancy                   1
 O - the Disquisition on Frigorific Execration
   (You found it on level 9 of the Dungeon)

   Spells                             Type                      Level
   a - Slow                           Hexes                        2
   b - Dazzling Spray                 Conjuration/Hexes            3
   c - Leda's Liquefaction            Hexes/Earth                  4
   d - Yara's Violent Unravelling     Hexes/Transmutation          5
   e - Simulacrum                     Ice/Necromancy               6
 Z - a book of Alchemy

   Spells                             Type                      Level
   a - Sublimation of Blood           Necromancy                   2
   b - Ignite Poison                  Fire/Transmutation/Poison    3
   c - Petrify                        Transmutation/Earth          4
   d - Alistair's Intoxication        Transmutation/Poison         5
   e - Irradiate                      Conjuration/Transmutation    5
Comestibles
 c - 15 bread rations
 n - 5 meat rations


   Skills:
 - Level 3.0 Fighting
 - Level 14.0 Long Blades
 + Level 5.8 Armour
 + Level 5.3 Dodging
 - Level 10.0 Invocations


You had 10 spell levels left.
You didn't know any spells.

Dungeon Overview and Level Annotations

Branches:
Dungeon (13/15)            Temple (0/1) D:6            Lair (0/6) D:11
    Orc (0/2) D:10
 Vaults: D:13-14

Altars:
Cheibriados
Dithmenos
Elyvilon
Gozag
Kikubaaqudgha
Nemelex Xobeh
Sif Muna
Trog
Uskayaw
Vehumet
Yredelemnul
Zin

Shops:
D:8 *   D:12 [

Annotations:
D:13 Maurice
Abyss:1 Sigmund


Innate Abilities, Weirdness & Mutations

((You have razor-sharp toenails.))
((You are completely covered in slimy green scales. (AC +4, rPois)))
You regenerate a little health from kills.
When hurt, damage is shared between your health and your magic reserves.
You regenerate magic rapidly.
((You have sharp fingernails.))
You are agile. (Dex +2)
Your body sometimes deteriorates upon taking damage.
You are very dopey. (Int -4)
You have an increased reservoir of magic. (+10% MP)
((Your system is resistant to poisons. (rPois)))
Your muscles are strong. (Str +2)


Message History

* * * LOW HITPOINT WARNING * * *
Unknown command.
You turn into a tree.
Your +0 cloak melds into your body.
Your +1 helmet melds into your body.
Your +0 pair of gloves melds into your body.
Your +0 mottled dragon armour melds into your body.
Your roots penetrate the ground.
Maurice hits you but does no damage.
You closely miss Maurice.
Maurice is severely wounded.
You hit Maurice but do no damage.
Maurice is severely wounded.
Maurice mumbles some strange words.
Maurice puts on a burst of speed!
You closely miss Maurice.
Maurice is severely wounded.
You hit Maurice but do no damage.
Maurice is severely wounded.
Maurice zaps a wand.
Helpless, you fail to dodge the bolt of acid.
You die...

##..# #.........# ...# #...#
+.........# ...# #...#####
###..###'## #..#
#...##..############.####..#
#....#.....................#
##...'.....................#
#....#..####'##..########'##
#....#..##..@##+####.####..#
#....#..#..>.♣.......#..[..##
##.<##..##...........#......#
#####+###...############...#
.....#################..##
........<...#.......#....#
............#.......'....#
.######.....#...##..##..##
#.....#...##..##..##
#>...###..##...+...#


You could see Maurice.

Vanquished Creatures
  An unseen horror (D:10)
  2 manticores (D:13)
  A cyclops (D:11)
  A freezing wraith (D:13)
  A troll (D:13)
  A spriggan (D:10)
  A wyvern (D:12)
  9 yaks
  Eustachio (D:6)
  2 hungry ghosts
  3 hippogriffs
  3 vampire mosquitoes
  A mottled dragon (D:12)
  6 sky beasts
  3 orc warriors
  8 ogres
  A phantom (D:7)
  2 ice beasts
  A necrophage (D:8)
  A wasp (D:13)
  8 centaurs
  2 crocodiles
  3 big kobolds
  3 giant frogs
  Blork the orc (D:4)
  A gnoll sergeant (D:11)
  2 wyvern skeletons
  2 scorpions
  5 killer bees (D:7)
  A water moccasin skeleton (D:10)
  A wight (D:6)
  2 howler monkeys (D:10)
  8 crimson imps
  3 giant frog zombies
  A quasit (D:6)
  3 orc priests
  A centaur zombie (D:12)
  3 jellies
  6 hounds
  8 orc wizards
  Jessica (D:3)
  2 centaur skeletons
  Terence (D:3)
  3 iguanas
  Natasha (thrice) (D:2)
  9 worker ants
  A killer bee zombie (D:3)
  A hound zombie (D:8)
  2 hound skeletons
  A howler monkey zombie (D:5)
  A worker ant zombie (D:8)
  Robin (D:2)
  18 gnolls
  15 adders
  5 shadow imps
  An ooze (D:1)
  2 adder zombies
  3 adder skeletons
  3 dart slugs
  A worm (D:1)
  6 giant geckos
  31 orcs
  A ball python (D:8)
  7 giant cockroaches
  9 hobgoblins
  20 jackals
  21 kobolds
  4 quokkas
  6 bats
  3 frilled lizards
  A giant gecko zombie (D:5)
  23 goblins
  10 rats
329 creatures vanquished.

Vanquished Creatures (others)
  A hydra (D:13)
  The ghost of Xiguana the Fighter, a novice DsCK of Xom (D:8)
  5 hill giants
  An ugly thing (D:13)
  2 deep elf magi
  A kobold demonologist (D:11)
  2 trolls (D:9)
  A gnoll sergeant (D:5)
  8 wights
22 creatures vanquished.

Grand Total: 351 creatures vanquished

Notes
Turn   | Place    | Note
-------+----------+-------------------------------------------
     0 | Abyss:1  | dorian the Demonspawn Abyssal Knight began the quest for the Orb.
     0 | Abyss:1  | Reached XP level 1. HP: 18/18 MP: 2/2
    36 | D:1      | Escaped the Abyss
    73 | D:1      | Reached skill level 2 in Long Blades
   137 | D:1      | Gained mutation: When hurt, damage is shared between your health and your magic reserves. [demonic ancestry]
   137 | D:1      | Reached XP level 2. HP: 10/24 MP: 2/4
   887 | D:1      | Gained mutation: You have sharp toenails. [demonic ancestry]
   887 | D:1      | Reached XP level 3. HP: 21/29 MP: 3/5
  1315 | D:2      | Found a sparkling altar of Nemelex Xobeh.
  1345 | D:2      | Noticed Natasha
  1360 | D:2      | Killed Natasha
  1360 | D:2      | Reached ** piety under Lugonu
  1365 | D:2      | Noticed Natasha
  1368 | D:2      | HP: 1/29 [Natasha/magic dart (2)]
  1374 | D:2      | Killed Natasha
  1374 | D:2      | Gained mutation: You are partially covered in slimy green scales. (AC +2) [demonic ancestry]
  1374 | D:2      | Reached XP level 4. HP: 23/35 MP: 4/7
  1405 | D:2      | Noticed Robin
  1447 | D:2      | Reached skill level 3 in Long Blades
  1493 | D:2      | Killed Robin
  1493 | D:2      | Reached skill level 5 in Invocations
  1970 | D:2      | Noticed Natasha
  1983 | D:2      | Killed Natasha
  1983 | D:2      | Gained mutation: You have razor-sharp toenails. [demonic ancestry]
  1983 | D:2      | Reached XP level 5. HP: 33/41 MP: 5/9
  2232 | D:3      | Noticed Jessica
  2261 | D:3      | Killed Jessica
  2515 | D:3      | Noticed Terence
  2527 | D:3      | Killed Terence
  2578 | D:3      | Noticed an ogre
  2596 | D:3      | Killed an ogre
  2596 | D:3      | Reached skill level 4 in Long Blades
  2596 | D:3      | Reached XP level 6. HP: 23/47 MP: 4/10
  3043 | D:3      | Found a hide-covered altar of Uskayaw.
  3044 | D:3      | Found a bloodstained altar of Trog.
  3417 | D:3      | Found a radiant altar of Vehumet.
  3417 | D:3      | Found an ancient bone altar of Kikubaaqudgha.
  3418 | D:3      | Found a deep blue altar of Sif Muna.
  3429 | D:3      | Identified Kikubaaqudgha's Papyrus of Unholy Rituals
  3633 | D:4      | Noticed Blork the orc
  3643 | D:4      | Killed Blork the orc
  3643 | D:4      | Gained mutation: You are mostly covered in slimy green scales. (AC +3) [demonic ancestry]
  3643 | D:4      | Reached XP level 7. HP: 48/52 MP: 12/12
  3739 | D:4      | Reached skill level 5 in Long Blades
  4408 | D:4      | Reached *** piety under Lugonu
  4575 | D:4      | Noticed Sigmund
  4583 | D:4      | Banished Sigmund
  4946 | D:5      | Entered Level 5 of the Dungeon
  5016 | D:5      | Reached skill level 6 in Long Blades
  5143 | D:5      | Gained mutation: You regenerate a little health from kills. [demonic ancestry]
  5143 | D:5      | Reached XP level 8. HP: 58/58 MP: 14/14
  5878 | D:5      | Reached skill level 10 in Invocations
  6338 | D:6      | Reached skill level 7 in Long Blades
  6705 | D:6      | Reached skill level 8 in Long Blades
  7013 | D:6      | Found a staircase to the Ecumenical Temple.
  7123 | D:6      | Noticed Eustachio
  7153 | D:6      | Killed Eustachio
  7153 | D:6      | Gained mutation: You are completely covered in slimy green scales. (AC +4, rPois) [demonic ancestry]
  7153 | D:6      | Reached XP level 9. HP: 52/63 MP: 12/16
  7787 | D:7      | Reached skill level 9 in Long Blades
  7824 | D:7      | Found a white marble altar of Elyvilon.
  7824 | D:7      | Found a snail-covered altar of Cheibriados.
  8264 | D:7      | Reached skill level 10 in Long Blades
  8296 | D:7      | Reached **** piety under Lugonu
  8658 | D:8      | Noticed Xiguana's ghost (novice DsCK)
  8661 | D:8      | Banished Xiguana's ghost
  8701 | D:8      | Reached skill level 11 in Long Blades
  8944 | D:8      | Found a shadowy altar of Dithmenos.
  9081 | D:8      | Found Mielunig's General Store.
  9137 | D:8      | Noticed a deep elf mage
  9137 | D:8      | Banished a deep elf mage
  9137 | D:8      | Gained mutation: You regenerate magic rapidly. [demonic ancestry]
  9137 | D:8      | Reached XP level 10. HP: 69/69 MP: 17/17
  9152 | D:8      | Found a glowing silver altar of Zin.
  9153 | D:8      | Found an opulent altar of Gozag.
  9965 | D:9      | Reached skill level 12 in Long Blades
 10456 | D:9      | Identified the Disquisition on Frigorific Execration
 10583 | D:9      | Gained mutation: You are agile. (Dex +2) [mutagenic meat]
 10586 | D:9      | Lost mutation: You are agile. (Dex +2) [mutagenic meat]
 10589 | D:9      | Gained mutation: You have an increased reservoir of magic. (+10% MP) [mutagenic meat]
 10592 | D:9      | Gained mutation: You are agile. (Dex +2) [mutagenic meat]
 10635 | D:9      | Gained mutation: You have sharp fingernails. [mutagenic meat]
 10638 | D:9      | Gained mutation: Your system is resistant to poisons. (rPois) [mutagenic meat]
 10638 | D:9      | Found a basalt altar of Yredelemnul.
 10736 | D:10     | Entered Level 10 of the Dungeon
 10822 | D:10     | Reached skill level 13 in Long Blades
 10857 | D:10     | Noticed an unseen horror
 10881 | D:10     | Killed an unseen horror
 11352 | D:10     | Noticed a hill giant
 11353 | D:10     | Banished a hill giant
 11444 | D:10     | Found a staircase to the Orcish Mines.
 11550 | D:10     | Reached XP level 11. HP: 73/74 MP: 20/20
 11911 | D:10     | Gained mutation: You are dopey. (Int -2) [mutagenic meat]
 11917 | D:10     | Gained mutation: Your muscles are strong. (Str +2) [mutagenic meat]
 11920 | D:10     | Gained mutation: You are very dopey. (Int -4) [mutagenic meat]
 11926 | D:10     | Gained mutation: Your body sometimes deteriorates upon taking damage. [mutagenic meat]
 12152 | D:11     | Reached skill level 14 in Long Blades
 12186 | D:11     | Noticed a hill giant
 12186 | D:11     | Banished a hill giant
 12186 | D:11     | Reached skill level 1 in Dodging
 12408 | D:11     | Noticed a hill giant
 12419 | D:11     | Banished a hill giant
 12437 | D:11     | Found a staircase to the Lair.
 12452 | D:11     | Noticed a hill giant
 12453 | D:11     | Banished a hill giant
 12567 | D:11     | Noticed a hill giant
 12568 | D:11     | Banished a hill giant
 13798 | D:12     | Found Dyikhoso's Armour Emporium.
 13883 | D:13     | Noticed Maurice
 13906 | D:13     | Noticed a green ugly thing
 13907 | D:13     | Banished a green ugly thing
 14358 | D:13     | Noticed a four-headed hydra
 14360 | D:13     | Banished a four-headed hydra
 14360 | D:13     | Reached skill level 5 in Armour
 14550 | D:13     | Noticed a deep elf mage
 14552 | D:13     | Banished a deep elf mage
 14552 | D:13     | Reached skill level 5 in Dodging
 14962 | D:13     | Killed from afar by Maurice

Vault maps used:
D:1:      matt_arrival_los_fun
D:2:      nemelex_altar_shiori, uniq_robin, uniq_natasha
D:3:      grunt_temple_overflow_magic_moments, gammafunk_temple_overflow_statue,
          minmay_ogre_servants, uniq_terence, uniq_jessica
D:4:      first_bread, uniq_blork_the_orc, uniq_sigmund
D:6:      portal_sewer_entry_b, uniq_eustachio
D:7:      gammafunk_temple_overflow_elements, minmay_misc_feat_chi
D:8:      grunt_temple_overflow_gold_and_silver, nicolae_dithmenos_the_darkroom,
          serial_shops, nicolae_shop_trees
D:9:      marbit_many_paths
D:10:     orc_0_dummy, the_bakery
D:11:     dpeg_lair_monsters, hive_lemuel
D:12:     serial_shops, nicolae_shop_behind_doors
D:13:     grunt_vaults_entry_tiered, uniq_maurice

Skill      XL: |  1  2  3  4  5  6  7  8  9 10 11 |
---------------+----------------------------------+-----
Long Blades    | 2 3 4 6 8 11 13 14 | 14.0
Invocations    | 3 4 5 6 7 9 10 | 10.0
Armour         | 5 |  5.8
Dodging        | 5 |  5.3
Fighting       | |  3.0

Action                   |  1- 3 |  4- 6 |  7- 9 | 10-12 || total
-------------------------+-------+-------+-------+-------++-------
Melee: Falchion          |   109 |   206 |   725 |   755 ||  1795
       Kick              |     5 |    54 |   174 |   256 ||   489
       Whip              |       |    75 |       |       ||    75
Throw: Tomahawk          |       |       |     1 |       ||     1
Invok: Banish            |       |       |     8 |    22 ||    30
Evoke: Wand              |       |       |     1 |     2 ||     3
  Use: Potion            |     5 |     3 |       |     1 ||     9
       Scroll            |       |       |    12 |     5 ||    17
 Stab: Sleeping          |     1 |       |       |       ||     1
  Eat: Chunk             |     1 |     9 |    16 |    34 ||    60
       Pizza             |       |       |     1 |     2 ||     3
       Bread ration      |       |       |     1 |       ||     1
       Fruit             |       |       |       |     4 ||     4
Armor: Leather armour    |    23 |    92 |   201 |   181 ||   497
       Mottled dragon ar |       |       |       |    69 ||    69
       Skin              |       |       |       |     1 ||     1
Dodge: Dodged            |    52 |   150 |   306 |   287 ||   795
